 Dungeon Crawl Stone Soup version 0.29-a0-1043-g569b05d6ff (webtiles) character file.

Game seed: 3967731645357857446

8 drugrobin the Sneak (level 1, 0/18 HPs)
             Began as a Demigod Delver on Aug 16, 2022.
             Frozen to death by an endoplasm (3 damage)
             ... on level 2 of the Dungeon.
             The game lasted 00:01:30 (444 turns).

drugrobin the Sneak (Demigod Delver)                 Turns: 444, Time: 00:01:31

Health: 0/18       AC:  3    Str: 13    XL:     1   Next: 80%
Magic:  3/3        EV: 12    Int: 12    God:
Gold:   28         SH:  0    Dex: 15    Spells: 0/0 levels left

rFire   . . .      SeeInvis .   a - +0 hand axe
rCold   . . .      Faith    .   h - orb {mayhem}
rNeg    + . .      Spirit   .   b - +0 leather armour
rPois   .          Reflect  .   (no helmet)
rElec   .          Harm     .   (no cloak)
rCorr   .          Rampage  .   (no gloves)
Will    .....                   (no boots)
Stlth   +++.......              (no amulet)
HPRegen 0.06/turn               i - ring of positive energy
MPRegen 0.08/turn               (no ring)

@: no status effects
A: high MP 1, forlorn, divine attributes
a: no special abilities


You were on level 2 of the Dungeon.
You visited 1 branch of the dungeon, and saw 4 of its levels.

You collected 28 gold pieces.

Inventory:

Hand Weapons
 a - a +0 hand axe (weapon)
Armour
 b - a +0 leather armour (worn)
 h - an orb of mayhem (worn)
 k - the +4 scale mail of the Learner {rC+}
   (You found it on level 3 of the Dungeon)

   rC:        It protects you from cold.
Jewellery
 i - a ring of positive energy (left hand)
Wands
 g - a wand of digging (3)
Scrolls
 c - a scroll of fog
 d - a scroll of magic mapping
 e - a scroll of fear
 l - a scroll of torment {unknown}
Potions
 f - a potion of haste
 j - a potion of ambrosia {unknown}


   Skills:
 - Level 2.8 Fighting
 + Level 2.0 Axes
 - Level 2.0 Dodging
 - Level 4.6 Stealth


You couldn't memorise any spells.
You didn't know any spells.
Your spell library was empty.

Dungeon Overview and Level Annotations

Branches:
Dungeon (5/15)
 Temple: D:4-7

Shops:
D:2 *


Innate Abilities, Weirdness & Mutations

You have an increased reservoir of magic. (+10% MP)
You shall have no god before yourself.
Your divine heritage dramatically boosts your attributes as you level up.


Message History

A bat is nearby!
A bat is nearby!
Unknown command.
The bat misses you.
You climb upwards.
There is a stone staircase leading down here.
The dart slug bites you but does no damage.
You hit the dart slug.
The dart slug is heavily wounded.
The dart slug bites you.
You slash the dart slug!
You kill the dart slug!
Your Axes skill increases to level 2!
Your Dodging skill increases to level 2!
There is a stone staircase leading down here.
You start resting.
HP restored.
You open the door.
An endoplasm comes into view.
Unknown command.
Found Qeafor's Assorted Antiques.
The endoplasm quivers.
The endoplasm freezes you.
You are frozen.
You barely miss the endoplasm. The endoplasm hits you.
You hit the endoplasm but do no damage. The endoplasm misses you.
You hit the endoplasm but do no damage. The endoplasm freezes you.
You are frozen.
You barely miss the endoplasm. The endoplasm freezes you.
You are frozen.
* * * LOW HITPOINT WARNING * * *
You hit the endoplasm but do no damage. The endoplasm freezes you.
You are frozen.
* * * LOW HITPOINT WARNING * * *
The endoplasm freezes you.
You are frozen.
You die...

............##..#
............##..#.# #
.............#..#.#.#
......#####..#......#
###### #....##.#.#
########.##....#.##
.......#.##.##..∩.#
.......'>##....#..#
g.....÷######@.# .#
....... #...J...#
....... #.####..#
...#### #. .# #. # #
#


You could see an endoplasm.

Vanquished Creatures
  A dart slug (D:2)
  A bat (D:3)
  A goblin (D:3)
  A ball python (D:2)
4 creatures vanquished.

Vanquished Creatures (collateral kills)
  A goblin (D:3)
  A bat (D:2)
2 creatures vanquished.

Grand Total: 6 creatures vanquished

Notes
Turn   | Place    | Note
-------+----------+-------------------------------------------
     0 | D:5      | drugrobin the Demigod Delver began the quest for the Orb.
     0 | D:5      | Reached XP level 1. HP: 18/18 MP: 3/3
    38 | D:4      | Noticed an iguana
   131 | D:3      | Identified the +4 scale mail of the Learner {rC+}
   434 | D:2      | Found Qeafor's Assorted Antiques.
   444 | D:2      | Frozen to death by an endoplasm

Illustrated notes

Levels and vault maps discovered:
D:2:      layout_basic, serial_shops, shop, kennysheep_generic_room_9
D:3:      layout_loops_corners, mainiacjoe_overflow_tiny_flanked, minivault_14,
          nicolae_figureground_pulse
D:4:      layout_loops_corners, chequers_temple_overflow_statue_of_worship,
          general_overflow_altar
D:5:      layout_rooms

Skill      XL: |  1 |
---------------+----+-----
Axes           | 2 |  2.0
Dodging        | 2 |  2.0
Fighting       | |  2.8
Stealth        | |  4.6

Action                   || total
-------------------------++-------
Melee: Hand axe          ||    33
 Stab: Sleeping          ||     1
Armor: Leather armour    ||    21
Dodge: Dodged            ||    34

Table legend: (Time is in decaauts)
 A = Elapsed time spent in this place.
 B = Non-inter-level travel time spent in this place.
 C = Inter-level travel time spent in this place.
 D = Time resting spent in this place.
 E = Time spent auto-exploring this place.
 F = Levels seen in this place.
 G = Mean time per level.
                   A        B        C        D        E       F      G
               +--------+--------+--------+--------+--------+-----+--------+
         Total |    450 |    450 |      0 |    171 |     48 |   4 |  112.5 |
       Dungeon |    450 |    450 |      0 |    171 |     48 |   4 |  112.5 |
               +--------+--------+--------+--------+--------+-----+--------+

Top non-repeatable levels by time:
     D:2: 231 daAuts
     D:3: 97 daAuts
     D:4: 95 daAuts
     D:5: 26 daAuts
